 Dungeon Crawl Stone Soup version 0.26-a0-602-gd42a14c23b (webtiles) character file.

Game seed: 3557849410319476464

132747 MrRokkomies the Gelid (level 16, -5/73 HPs)
             Began as a Felid Ice Elementalist on Aug 31, 2020.
             Was a High Priest of Sif Muna.
             Hit by a silver javelin thrown by a merfolk javelineer (17 damage)
             ... on level 4 of the Shoals.
             The game lasted 02:32:40 (65377 turns).

MrRokkomies the Gelid (Felid Ice Elementalist)     Turns: 65377, Time: 02:32:41

Health: -5/73      AC:  7    Str:  4    XL:     16   Next: 28%
Magic:  3/31       EV: 30    Int: 21    God:    Sif Muna [*****.]
Gold:   1159       SH:  0    Dex: 19    Spells: 4/35 levels left
                                        Lives:  0   Deaths: 4

rFire    + . .     SeeInvis +     - Unarmed
rCold    + . .     Faith    +   (shield unavailable)
rNeg     . . .     Spirit   .   (armour unavailable)
rPois    +         Reflect  .   (helmet unavailable)
rElec    .         Harm     .   (cloak unavailable)
rCorr    .                      (gloves unavailable)
MR       ++...                  (boots unavailable)
Stlth    ++........             J - amulet "Fedaluno" {Faith rF+}
HPRegen  0.22/turn              y - ring of poison resistance
MPRegen  0.22/turn              C - +4 ring of protection

@: no potions, studying Invocations, very slow
A: very small, no armour, no weapons or thrown items, stealth, claws 1, fangs 3,
see invisible, speed 1, shaggy fur 3, sharp paws
}: 1/15 runes: gossamer
a: Channel Magic, Forget Spell, Divine Exegesis, Renounce Religion


You were on level 4 of the Shoals.
You worshipped Sif Muna.
Sif Muna was extremely pleased with you.
You visited 5 branches of the dungeon, and saw 31 of its levels.
You also visited: Ice Cave.

You collected 3724 gold pieces.
You spent 2565 gold pieces at shops.

Inventory:

Missiles
 P - 63 stones
Jewellery
 c - the ring "Maagedgh" {rN++ Int+2 Stlth+}
   (You took it off a merfolk aquamancer on level 2 of the Shoals)

   [ring of stealth]

   It affects your intelligence (+2).
   It greatly protects you from negative energy.
   It makes you more stealthy.
 y - a ring of poison resistance (left paw)
 C - a +4 ring of protection (right paw)
 H - an uncursed ring of ice
 J - the amulet "Fedaluno" (around neck) {Faith rF+}
   (You bought it in a shop on level 2 of the Orcish Mines)

   [amulet of faith]

   It allows you to gain divine favour quickly.
   It protects you from fire.
 N - an uncursed ring of positive energy
 R - an uncursed ring of protection from fire
Wands
 l - a wand of flame (100)
 v - a wand of iceblast (21)
 w - a wand of digging (6)
 D - a wand of enslavement (14)
 F - a wand of polymorph (8)
 L - a wand of paralysis (28)
 O - a wand of disintegration (15)
Scrolls
 f - 23 scrolls of identify
 i - 24 scrolls of remove curse
 j - 15 scrolls of teleportation
 s - 7 scrolls of fog
 x - 4 scrolls of fear
 B - a scroll of magic mapping
 E - 4 scrolls of blinking
 G - a scroll of silence
 M - 2 scrolls of immolation
Potions
 b - 3 potions of invisibility
 d - 4 potions of haste
 e - 5 potions of cancellation
 g - 11 potions of curing
 h - 12 potions of lignification
 k - 6 potions of stabbing
 m - 3 potions of berserk rage
 n - 2 potions of magic
 o - 2 potions of flight
 p - 14 potions of ambrosia
 q - 3 potions of brilliance
 t - a potion of mutation
 u - 3 potions of might
 Q - 3 potions of resistance
Books
 I - a manual of Invocations
Miscellaneous
 a - a phantom mirror
 r - a tin of tremorstones (3/3)
 z - a condenser vane (2/2)
 A - a phial of floods
 K - a box of beasts (3/3)


   Skills:
 - Level 10.0 Fighting
 + Level 12.6 Dodging
 - Level 5.0 Stealth
 - Level 10.0 Unarmed Combat
 - Level 10.0 Spellcasting
 * Level 9.5 Conjurations
 - Level 5.0 Summonings
 - Level 4.0 Translocations
 - Level 15.0 Ice Magic
 * Level 13.3 Air Magic
 + Level 14.3 Invocations
 - Level 10.0 Evocations


You had 4 spell levels left.
You knew the following spells:

 Your Spells              Type           Power        Failure   Level
a - Lightning Bolt        Conj/Air       ######....   1%          5
b - Frozen Ramparts       Ice            ######       1%          3
c - Ozocubu's Armour      Ice            ######..     1%          3
d - Summon Ice Beast      Ice/Summ       ######..     1%          4
f - Summon Lightning Spi  Summ/Air       #####...     1%          4
g - Ozocubu's Refrigerat  Ice            ######....   1%          6
h - Airstrike             Air            ######....   1%          4
i - Blink                 Tloc           N/A          1%          2

Your spell library contained the following spells:

 Spells                   Type           Power        Failure   Level
 Freeze                   Ice            ####         0%          1
 Apportation              Tloc           ####..       1%          1
 Foxfire                  Conj/Fire      ####         1%          1
 Magic Dart               Conj           ####         1%          1
 Shock                    Conj/Air       ####         1%          1
 Summon Small Mammal      Summ           ####         1%          1
 Call Imp                 Summ           ####....     1%          2
 Corpse Rot               Necr/Air       N/A          1%          2
 Ensorcelled Hibernation  Hex/Ice        #####.       1%          2
 Poisonous Vapours        Pois/Air       #####.       1%          2
 Searing Ray              Conj           ######       1%          2
 Swiftness                Air            ######..     1%          2
 Mephitic Cloud           Conj/Pois/Air  #####...     1%          3
 Static Discharge         Conj/Air       ######..     1%          3
 Hailstorm                Conj/Ice       ######..     1%          4
 Call Canine Familiar     Summ           ####....     2%          3
 Conjure Flame            Conj/Fire      ####....     2%          3
 Dazzling Flash           Conj/Hex       ####..       2%          3
 Stone Arrow              Conj/Erth      ####..       2%          3
 Gell's Gravitas          Tloc           ####......   3%          3
 Lesser Beckoning         Tloc           ####......   3%          3
 Teleport Other           Tloc           ####....     3%          3
 Ice Form                 Ice/Tmut       #####...     3%          4
 Iskenderun's Mystic Bla  Conj/Tloc      #####...     4%          4
 Animate Skeleton         Necr           ##....       6%          1
 Beastly Appendage        Tmut           ##....       6%          1
 Corona                   Hex            ##.....      6%          1
 Sandblast                Erth           ##....       6%          1
 Summon Guardian Golem    Hex/Summ       ###.....     7%          3
 Fulminant Prism          Conj/Hex       ####......   9%          4
 Sticky Flame             Conj/Fire      ####....     9%          4
 Passwall                 Tmut/Erth      ##......     10%         2
 Slow                     Hex            ##......     10%         2
 Passage of Golubria      Tloc           N/A          12%         4
 Confusing Touch          Hex            ##......     19%         3
 Ignite Poison            Fire/Tmut/Pois ##......     19%         3
 Inner Flame              Hex/Fire       ##......     19%         3
 Tukima's Dance           Hex            ##......     19%         3
 Vampiric Draining        Necr           ##........   19%         3
 Cause Fear               Hex            ##........   54%         4
 Dispel Undead            Necr           ##......     54%         4
 Leda's Liquefaction      Hex/Erth       ##........   54%         4
 Petrify                  Tmut/Erth      ##......     54%         4
 Iskenderun's Battlesphe  Conj           ######..     3%          5
 Freezing Cloud           Conj/Ice/Air   ######....   5%          6
 Metabolic Englaciation   Hex/Ice        #####.....   9%          5
 Conjure Ball Lightning   Conj/Air       ######....   9%          6
 Silence                  Hex/Air        #####.....   12%         5
 Summon Demon             Summ           ####......   22%         5
 Fireball                 Conj/Fire      ####......   26%         5
 Irradiate                Conj/Tmut      ####......   26%         5
 Summon Forest            Summ/Tloc      ####......   28%         5
 Simulacrum               Ice/Necr       #####.....   41%         6
 Bolt of Magma            Conj/Fire/Erth ###.......   43%         5
 Summon Mana Viper        Hex/Summ       ###.....     54%         5
 Orb of Destruction       Conj           ######....   73%         7
 Shadow Creatures         Summ           N/A          77%         6
 Iron Shot                Conj/Erth      ####......   80%         6
 Starburst                Conj/Fire      ####......   80%         6
 Alistair's Intoxication  Tmut/Pois      ##.......    87%         5
 Borgnjor's Vile Clutch   Necr/Erth      ##........   87%         5
 Lee's Rapid Deconstruct  Erth           ##........   87%         5
 Yara's Violent Unravell  Hex/Tmut       ##........   87%         5
 Dispersal                Tloc           ####......   88%         6
 Spellforged Servitor     Conj/Summ      #####.....   95%         7
 Chain Lightning          Conj/Air       ######....   98%         8
 Eringya's Noxious Bog    Tmut/Pois      ##........   100%        6
 Hydra Form               Tmut           ##........   100%        6
 Invisibility             Hex            ##......     100%        6
 Statue Form              Tmut/Erth      ##.......    100%        6
 Dragon Form              Tmut           ##........   100%        7
 Haunt                    Necr/Summ      ###.......   100%        7
 Malign Gateway           Summ/Tloc      ####......   100%        7
 Monstrous Menagerie      Summ           ####......   100%        7
 Summon Hydra             Summ           ####......   100%        7
 Disjunction              Tloc           ####......   100%        8
 Ignition                 Fire           ##........   100%        8
 Lehudib's Crystal Spear  Conj/Erth      ####......   100%        8
 Necromutation            Tmut/Necr      ##........   100%        8
 Absolute Zero            Ice            ######....   100%        9
 Tornado                  Air            ######....   100%        9
 Portal Projectile        Hex/Tloc       Unusable     N/A         3

Dungeon Overview and Level Annotations

Branches:
Dungeon (15/15)            Temple (0/1) D:7            Lair (6/6) D:10
 Shoals (4/4) Lair:4       Spider (4/4) Lair:4        Slime (0/5) Lair:6
    Orc (2/2) D:11            Elf (0/3) Orc:2        Vaults (0/5) D:14
 Depths (0/5) D:15          IceCv (visited)

Altars:
Cheibriados
Elyvilon
Fedhas
Hepliaklqana
Sif Muna
Trog
Uskayaw
Vehumet
Wu Jian
Yredelemnul
Beogh

Shops:
D:11 ?   Orc:2 **}[   Shoals:3 [(

Portals:
Pandemonium: Orc:2

Annotations:
D:7 5 runed translucent doors, Harold
D:12 2 transporters, Ummyafucac's ghost, journeyman OpWz


Innate Abilities, Weirdness & Mutations

You cannot wear armour.
You are incapable of wielding weapons or throwing items.
Your paws allow you to move quietly. (Stealth)
You have sharp claws.
You have razor-sharp teeth.
You have supernaturally acute eyesight. (SInv)
You cover ground quickly.
Your thick and shaggy fur keeps you warm. (AC +3, rC+)
Your sharp claws are effective at attacking unaware monsters.


Message History

Sif Muna accepts your kill.
You hear a splash.
The merfolk javelineer throws a silver javelin.
The silver javelin pierces through you!!
* * * LOW HITPOINT WARNING * * *
x2 Unknown command.
You cannot drink potions in your current state!
Casting: Ozocubu's Refrigeration (dangerous; 1% risk of failure)
Confirm with . or Enter, or press ? or * to list all spells.
The heat is drained from your surroundings.
You resist.
You feel very cold.
The merfolk javelineer and the merfolk are frozen.
The merfolk javelineer is almost dead.
You kill the merfolk!
Sif Muna accepts your kill.
You hear a splash.
You feel less invigorated.
The merfolk javelineer throws a silver javelin.
The silver javelin pierces through you!
You die...

≈≈≈≈≈≈..........# #..≈≈≈≈≈≈
≈≈≈≈≈..........##≈≈# #..≈≈≈≈≈≈
≈≈≈≈≈...........#$≈ ##.≈≈≈≈≈≈
≈≈≈≈≈..........≈#≈≈ #.≈≈≈≈≈≈
≈≈≈≈≈≈.........##≈ #...≈≈≈≈
≈≈≈≈≈≈.........##) ###≈.≈≈≈≈.
≈≈≈≈≈≈.........≈m#######≈≈≈..≈...
≈≈≈≈≈≈≈≈.......≈≈#≈≈#≈##≈≈≈.....≈
≈≈≈≈≈≈≈≈......≈≈@≈≈≈≈≈≈.≈≈≈≈)....
≈≈≈≈≈≈≈≈....≈≈≈(≈≈≈≈≈....≈≈....[.
≈≈≈≈≈≈.....≈≈≈≈≈≈≈≈......≈≈(.....
≈≈≈≈≈≈≈....≈≈≈≈≈.........≈≈≈..≈..
≈≈≈..≈.......≈≈.........<.≈......
≈≈........#....<..........≈......
≈≈≈≈.....##..........)...^.......
≈≈......###..≈≈...........≈..=...
≈≈.....####....≈..........≈≈.....


You could see a merfolk javelineer.

Vanquished Creatures
  Arachne (Spider:2)
  Rupert (Lair:6)
  A fire giant (Orc:1)
  2 frost giants
  2 ghost moths (Spider:4)
  2 emperor scorpions
  3 entropy weavers
  Azrael (Orc:2)
  4 spark wasps
  2 merfolk javelineers
  8 merfolk impalers
  A fire dragon (D:15)
  An ogre mage (D:15)
  A yaktaur captain (D:15)
  3 hydras
  3 vault guards (D:14)
  4 merfolk avatars
  7 merfolk aquamancers
  4 two-headed ogres (D:15)
  An alligator snapping turtle (Shoals:4)
  2 catoblepae
  3 centaur warriors
  A satyr (Shoals:2)
  7 orc high priests
  8 death scarabs (Spider:4)
  3 death yaks
  Urug (Orc:2)
  Sonja (D:10)
  Nergalle (D:10)
  A spectral emperor scorpion (Spider:4)
  A gelid demonspawn (Orc:2)
  14 sea snakes
  An unseen horror (D:15)
  A spectral wolf spider (Spider:4)
  A wizard (D:14)
  A torturous demonspawn (Orc:2)
  4 lindwurms
  10 orb spiders
  2 necromancers (D:14)
  5 orc knights
  5 orc sorcerers (Orc:2)
  19 harpies
  15 fauns
  A wolf spider zombie (Spider:4)
  15 wolf spiders
  3 oklob plants (Lair:5)
  8 deep elf magi
  16 manticores
  25 cyclopes
  5 elephants
  Maurice (D:9)
  A guardian serpent (Lair:6)
  2 moths of wrath (Spider:4)
  11 merfolk sirens
  3 centaur zombies
  5 water nymphs
  12 black mambas
  A smoke demon (Orc:2)
  A rust devil (Orc:2)
  A storm dragon simulacrum (D:14)
  12 cane toads
  6 torpor snails
  A freezing wraith (D:15)
  4 komodo dragons
  A spectral redback (Spider:4)
  A yaktaur (shapeshifter) (D:15)
  2 efreet (D:14)
  A yaktaur (D:15)
  A redback zombie (Spider:4)
  11 demonic crawlers
  22 merfolk
  2 red devils (Orc:2)
  A queen bee (shapeshifter) (D:14)
  A queen bee (Lair:5)
  4 trolls
  2 meliai (Lair:5)
  27 jumping spiders
  5 spectral tarantellas (Spider:4)
  15 polar bears (IceCv)
  2 spectral jumping spiders (Spider:4)
  3 tyrant leeches (Lair:6)
  16 hornets
  7 wind drakes
  A tarantella zombie (Spider:4)
  9 snapping turtles
  8 hippogriffs
  4 blink frogs (Lair:3)
  A dream sheep (Lair:6)
  49 redbacks
  A ynoxinul (Orc:2)
  A centaur simulacrum (D:15)
  Sigmund (D:2)
  2 shadows
  10 wyverns
  A vampire (D:13)
  8 water elementals
  A wraith (D:14)
  2 fire elementals (Orc:2)
  17 humans (D:14)
  A basilisk (Lair:3)
  Grum (D:9)
  33 tarantellas
  2 fire bats (Orc:1)
  A steam dragon (D:10)
  38 yaks
  A neqoxec (Orc:2)
  12 vampire mosquitoes
  5 wargs
  4 hell hounds (Orc:2)
  9 soldier ants
  14 water moccasins
  An acid dragon (D:11)
  11 porcupines
  2 spectral hornets (Spider:4)
  4 ice beasts
  38 orc warriors
  6 sky beasts
  A black bear (D:8)
  42 wolves
  3 boggarts (D:14)
  14 ogres
  16 centaurs
  9 crocodiles
  A big kobold (D:11)
  16 bullfrogs
  2 gnoll sergeants
  A wyvern skeleton (D:8)
  35 killer bees
  2 electric eels
  10 wights
  7 howler monkeys
  2 bullfrog zombies
  28 orc priests
  A quasit (D:10)
  3 centaur skeletons
  6 gnoll shamans (D:3)
  8 hounds
  5 jellies
  Ijyb (D:3)
  An iguana (D:11)
  31 orc wizards
  5 hell rats (Lair:2)
  31 worker ants
  2 hound skeletons
  A worker ant zombie (D:11)
  Robin (D:2)
  3 howler monkey skeletons
  35 gnolls
  10 adders
  6 white imps
  3 ufetubi
  2 oozes
  An adder zombie (D:5)
  An adder skeleton (D:5)
  3 dart slugs
  4 worms
  5 leopard geckos
  119 orcs
  8 giant cockroaches
  15 goblins
  13 hobgoblins
  23 jackals
  9 quokkas
  12 bats
  5 frilled lizards
  A jackal zombie (D:7)
  14 kobolds
  A quokka zombie (D:7)
  8 rats
1302 creatures vanquished.

Vanquished Creatures (collateral kills)
  Polyphemus (Shoals:3)
  A ghost moth (Spider:3)
  3 emperor scorpions
  A fire dragon (Lair:6)
  3 hydras (Lair:5)
  2 two-headed ogres
  A queen ant (D:8)
  3 death yaks
  A sea snake (Shoals:3)
  2 wolf spiders
  A cyclops (D:12)
  10 elephants
  A merfolk siren (Lair:4)
  An ugly thing (D:13)
  A centaur zombie (D:14)
  3 black mambas
  Maggie (D:10)
  3 komodo dragons
  A spectral redback (Spider:4)
  3 demonic crawlers (Spider:1)
  A meliai (Lair:5)
  3 dream sheep (Lair:6)
  2 hornets
  5 polar bears
  2 jumping spider zombies (Spider:4)
  A blink frog (Lair:3)
  3 hippogriffs
  A spectral jumping spider (Spider:4)
  2 snapping turtles (Shoals:4)
  4 redbacks
  2 tarantellas
  5 yaks
  4 basilisks
  5 wyverns
  A warg (Orc:1)
  2 porcupines
  2 water moccasins (Lair:6)
  An orc warrior (Orc:2)
  2 ice beasts (D:9)
  4 wolves
  A centaur (Shoals:3)
  5 crocodiles
  A bullfrog (Lair:3)
  A wyvern zombie (D:9)
  A water moccasin skeleton (D:9)
  6 killer bees (Lair:5)
  3 wights
  A nameless horror (Lair:6)
  3 jellies
  An orc wizard (D:9)
118 creatures vanquished.

Vanquished Creatures (others)
  A centaur warrior (D:14)
  An unseen horror (D:14)
  A yaktaur (shapeshifter) (D:14)
  2 polar bears (IceCv)
  2 yaks
  A water moccasin (D:14)
  3 wolves (IceCv)
  An orc (Orc:2)
  A block of ice (Spider:2)
  A bush (Lair:6)
  90 fungi
  314 plants
418 creatures vanquished.

Grand Total: 1838 creatures vanquished

Notes
Turn   | Place    | Note
-------+----------+-------------------------------------------
     0 | D:1      | MrRokkomies the Felid Ice Elementalist began the quest for
                  | the Orb.
     0 | D:1      | Reached XP level 1. HP: 7/7 MP: 4/4
   246 | D:1      | Reached XP level 2. HP: 9/11 MP: 6/6
   692 | D:1      | Reached skill level 1 in Unarmed Combat
   851 | D:1      | Reached XP level 3. HP: 14/14 MP: 3/7
   856 | D:1      | Learned a level 3 spell: Frozen Ramparts
  1396 | D:2      | Found a blossoming altar of Fedhas.
  1524 | D:2      | Reached skill level 4 in Ice Magic
  1687 | D:2      | Found a hazy altar of Hepliaklqana.
  1927 | D:2      | Found a shimmering blue altar of Sif Muna.
  1933 | D:2      | Became a worshipper of Sif Muna the Loreminder
  2093 | D:2      | Noticed Robin
  2105 | D:2      | Reached XP level 4. HP: 18/18 MP: 4/8
  2111 | D:2      | Killed Robin
  2410 | D:2      | Noticed Sigmund
  2483 | D:2      | Killed Sigmund
  2483 | D:2      | Reached skill level 5 in Dodging
  2483 | D:2      | Reached XP level 5. HP: 21/21 MP: 0/10
  2483 | D:2      | Gained mutation: You are covered in thick fur. (AC +2)
                  | [Felid growth]
  2483 | D:2      | Reached XP level 6. HP: 24/24 MP: 0/11
  2489 | D:2      | Learned a level 3 spell: Ozocubu's Armour
  2948 | D:3      | Reached * piety under Sif Muna
  2985 | D:3      | Noticed Ijyb
  2992 | D:3      | Killed Ijyb
  3431 | D:3      | Reached skill level 5 in Ice Magic
  3661 | D:3      | Reached ** piety under Sif Muna
  3936 | D:3      | Reached XP level 7. HP: 19/27 MP: 3/12
  4919 | D:3      | Reached *** piety under Sif Muna
  5045 | D:3      | Learned a level 4 spell: Summon Ice Beast
  5209 | D:4      | Reached skill level 6 in Ice Magic
  5209 | D:4      | Reached XP level 8. HP: 31/31 MP: 9/14
  5678 | D:4      | Found a roughly hewn altar of Beogh.
  6089 | D:5      | Entered Level 5 of the Dungeon
  6297 | D:5      | Learned a level 4 spell: Hailstorm
  6723 | D:5      | Reached **** piety under Sif Muna
  6807 | D:4      | Found a white marble altar of Elyvilon.
  7728 | D:5      | Found a snail-covered altar of Cheibriados.
  8122 | D:6      | Found a basalt altar of Yredelemnul.
  8211 | D:6      | Reached skill level 7 in Ice Magic
  9161 | D:7      | Found a runed translucent door.
  9162 | D:7      | Found a runed translucent gate.
  9162 | D:7      | Found a runed translucent gate.
  9167 | D:7      | Found a runed translucent door.
  9169 | D:7      | Found the +9 staff of Olgreb {rPois∞}
  9194 | D:7      | Reached XP level 9. HP: 34/34 MP: 12/16
  9336 | D:7      | Noticed Harold
  9443 | D:7      | Reached skill level 5 in Stealth
  9443 | D:7      | Reached skill level 1 in Summonings
  9505 | D:7      | Reached ***** piety under Sif Muna
  9505 | D:7      | Reached skill level 5 in Unarmed Combat
  9779 | D:7      | Received a gift from Sif Muna
  9779 | D:7      | Reached skill level 1 in Invocations
  9937 | D:7      | Found a staircase to the Ecumenical Temple.
  9967 | D:7      | Reached skill level 10 in Dodging
  9967 | D:7      | Reached skill level 8 in Ice Magic
 10018 | D:7      | Found an ornate altar of the Wu Jian Council.
 10160 | D:7      | Found a runed translucent gate.
 10607 | D:8      | Found a radiant altar of Vehumet.
 11120 | D:8      | Noticed a two-headed ogre
 11130 | D:8      | Killed a two-headed ogre
 11130 | D:8      | Reached XP level 10. HP: 37/37 MP: 2/17
 11628 | D:8      | Reached skill level 5 in Summonings
 11630 | D:8      | Noticed a queen ant
 11637 | D:8      | Reached skill level 9 in Ice Magic
 11655 | D:8      | Killed a queen ant
 11655 | D:8      | Reached skill level 1 in Fighting
 11787 | D:8      | Reached skill level 5 in Spellcasting
 12072 | D:8      | Received a gift from Sif Muna
 12572 | D:8      | Learned a level 4 spell: Summon Lightning Spire
 13398 | D:9      | Noticed Grum
 13410 | D:9      | Killed Grum
 13652 | D:9      | Noticed Maurice
 13664 | D:9      | Killed Maurice
 13664 | D:9      | Reached skill level 10 in Ice Magic
 13664 | D:9      | Reached XP level 11. HP: 32/45 MP: 16/21
 14198 | D:9      | Found a bloodstained altar of Trog.
 14233 | D:9      | Found a hide-covered altar of Uskayaw.
 14541 | D:10     | Entered Level 10 of the Dungeon
 14899 | D:10     | Noticed Maggie
 14912 | D:10     | Killed Maggie
 14912 | D:10     | Reached skill level 5 in Invocations
 15110 | D:10     | Noticed Nergalle
 15118 | D:10     | Killed Nergalle
 15218 | D:10     | Noticed Sonja
 15242 | D:10     | Killed Sonja
 15508 | D:10     | Found a staircase to the Lair.
 15895 | Lair:1   | Entered Level 1 of the Lair of Beasts
 16974 | Lair:1   | Identified Sif Muna's Compendium of Destructive Summoning
                  | (Sif Muna gifted it to you on level 1 of the Lair of
                  | Beasts)
 16974 | Lair:1   | Received a gift from Sif Muna
 17678 | Lair:1   | Reached skill level 11 in Ice Magic
 18038 | Lair:1   | Reached skill level 5 in Fighting
 18748 | Lair:2   | Gained mutation: Your thick and shaggy fur keeps you warm.
                  | (AC +3, rC+) [Felid growth]
 18748 | Lair:2   | Reached XP level 12. HP: 50/51 MP: 25/25
 18760 | Lair:2   | Reached skill level 1 in Air Magic
 19319 | Lair:2   | Slain by a komodo dragon
 19320 | Lair:2   | Reached XP level 11. HP: -4/48 MP: 31/33
 21383 | Lair:4   | Found a staircase to the Shoals.
 21530 | Lair:4   | Received a gift from Sif Muna
 21539 | Lair:4   | Learned a level 6 spell: Ozocubu's Refrigeration
 21883 | Lair:4   | Found a hole to the Spider Nest.
 21912 | Lair:4   | Reached skill level 12 in Ice Magic
 22230 | Lair:5   | Noticed a seven-headed hydra
 22250 | Lair:4   | Reached XP level 12. HP: 37/53 MP: 17/25
 22428 | Lair:5   | Reached skill level 5 in Air Magic
 22575 | Lair:5   | Killed a seven-headed hydra
 23196 | Lair:5   | Noticed an eight-headed hydra
 23215 | Lair:5   | Killed an eight-headed hydra
 23927 | Lair:5   | Identified the +10 flail "Tigh" {distort, +Fly rElec rF-
                  | Dex+8}
 24601 | Lair:5   | Noticed a five-headed hydra
 24616 | Lair:5   | Killed a five-headed hydra
 24791 | Lair:5   | Identified Giuvuvud's Disquisition on Earth and Curses (Sif
                  | Muna gifted it to you on level 5 of the Lair of Beasts)
 24791 | Lair:5   | Received a gift from Sif Muna
 25554 | Lair:5   | Noticed a death yak
 25567 | Lair:5   | Killed a death yak
 25871 | Lair:6   | Entered Level 6 of the Lair of Beasts
 25927 | Lair:6   | Noticed Rupert
 25942 | Lair:6   | Killed Rupert
 25942 | Lair:6   | Reached skill level 1 in Evocations
 25942 | Lair:6   | Reached XP level 13. HP: 58/58 MP: 8/26
 26367 | Lair:6   | Found a staircase to the Slime Pits.
 26685 | Lair:6   | Paralysed by a hornet for 1 turns
 26980 | Lair:6   | Identified Sif Muna's Almanac of Conjuration (Sif Muna
                  | gifted it to you on level 6 of the Lair of Beasts)
 26980 | Lair:6   | Received a gift from Sif Muna
 27928 | Lair:6   | Reached skill level 13 in Ice Magic
 28368 | Lair:6   | Found a runed translucent door.
 28369 | Lair:6   | Noticed a fire dragon
 28476 | Lair:6   | Received a gift from Sif Muna
 28783 | Lair:6   | Reached skill level 5 in Evocations
 29575 | Lair:6   | Killed a fire dragon
 30072 | D:11     | Reached XP level 14. HP: 64/64 MP: 20/27
 30380 | D:11     | Found a staircase to the Orcish Mines.
 31091 | D:11     | Identified Pestoqan's Grimoire of Ghastly Confrontation
                  | (Sif Muna gifted it to you on level 11 of the Dungeon)
 31091 | D:11     | Received a gift from Sif Muna
 31146 | D:11     | Found Impuymp's Magic Scroll Emporium.
 31662 | Orc:1    | Entered Level 1 of the Orcish Mines
 32670 | Orc:1    | Identified Sif Muna's Handbook of Snow and Battle Magic
                  | (Sif Muna gifted it to you on level 1 of the Orcish Mines)
 32670 | Orc:1    | Received a gift from Sif Muna
 32986 | Orc:1    | Hit by a large rock thrown by a cyclops
 32987 | Orc:1    | Reached XP level 13. HP: -22/61 MP: 21/26
 33304 | Orc:1    | Reached skill level 10 in Fighting
 33304 | Orc:1    | Reached skill level 14 in Ice Magic
 33310 | Orc:1    | Learned a level 4 spell: Airstrike
 33370 | Orc:1    | Noticed a fire giant
 33582 | Orc:2    | Entered Level 2 of the Orcish Mines
 33590 | Orc:2    | Noticed Azrael
 33594 | Orc:2    | Killed Azrael
 33740 | Orc:2    | Found a frozen archway.
 33753 | IceCv    | Entered an ice cave
 35101 | IceCv    | Identified Sif Muna's Almanac of the Voyage (Sif Muna
                  | gifted it to you in an ice cave)
 35101 | IceCv    | Received a gift from Sif Muna
 35592 | IceCv    | Noticed a frost giant
 35595 | IceCv    | Reached ****** piety under Sif Muna
 35801 | IceCv    | Killed a frost giant
 35801 | IceCv    | Reached XP level 14. HP: 18/66 MP: 23/28
 36342 | Orc:2    | Found a staircase to the Elven Halls.
 36515 | Orc:2    | Noticed Urug
 36532 | Orc:2    | Killed Urug
 37094 | Orc:2    | Reached skill level 10 in Spellcasting
 37212 | Orc:2    | Found Kuimn's General Store.
 37213 | Orc:2    | Found Oreyme Mova's General Store.
 37222 | Orc:2    | Identified Sif Muna's Papyrus of the Voyage and Flight (Sif
                  | Muna gifted it to you on level 2 of the Orcish Mines)
 37222 | Orc:2    | Received a gift from Sif Muna
 37389 | Orc:2    | Bought the amulet "Fedaluno" {Faith rF+} for 756 gold
                  | pieces
 37389 | Orc:2    | Bought a scroll of blinking for 105 gold pieces
 38392 | Orc:2    | Found Visob's Antique Armour Shoppe.
 38392 | Orc:2    | Found a one-way gate leading to the halls of Pandemonium.
 38392 | Orc:2    | Found Dueng's Gadget Emporium.
 38424 | Orc:2    | Bought a phantom mirror for 360 gold pieces
 38424 | Orc:2    | Bought a tin of tremorstones (3/3) for 480 gold pieces
 38424 | Orc:2    | Bought a phial of floods for 480 gold pieces
 38424 | Orc:2    | Bought a box of beasts (3/3) for 240 gold pieces
 38424 | Orc:2    | Bought a wand of paralysis (10) for 144 gold pieces
 38476 | Orc:2    | Found a roughly hewn altar of Beogh.
 38763 | Orc:1    | Killed a fire giant
 39138 | D:12     | Found a transporter.
 39724 | D:12     | Found a transporter.
 39725 | D:12     | Noticed Ummyafucac's ghost (journeyman OpWz)
 41942 | D:14     | Received a gift from Sif Muna
 41944 | D:14     | Reached skill level 15 in Ice Magic
 42016 | D:14     | Reached XP level 15. HP: 27/69 MP: 2/30
 42410 | D:14     | Reached skill level 10 in Invocations
 42546 | D:14     | Found a gate to the Vaults.
 43037 | D:15     | Entered Level 15 of the Dungeon
 44270 | D:15     | Received a gift from Sif Muna
 44396 | D:15     | Found a staircase to the Depths.
 45430 | Spider:1 | Entered Level 1 of the Spider Nest
 46895 | Spider:1 | Reached skill level 10 in Air Magic
 47246 | Spider:1 | Reached skill level 1 in Conjurations
 47841 | Spider:1 | You fall into a shaft and drop 1 floor!
 47859 | Spider:2 | Noticed Arachne
 47952 | Spider:2 | Killed Arachne
 48830 | Spider:2 | Reached XP level 16. HP: 73/73 MP: 22/31
 48886 | Spider:2 | Reached skill level 10 in Evocations
 49221 | Spider:2 | Received a gift from Sif Muna
 49226 | Spider:2 | Learned a level 2 spell: Blink
 52068 | Spider:3 | Learned a level 5 spell: Lightning Bolt
 52446 | Spider:4 | Entered Level 4 of the Spider Nest
 53514 | Spider:4 | HP: 2/73 [entropy weaver (3)]
 53849 | Spider:4 | Reached skill level 5 in Conjurations
 53953 | Spider:4 | Reached skill level 10 in Unarmed Combat
 55442 | Spider:4 | Received a gift from Sif Muna
 57285 | Spider:4 | Got a gossamer rune of Zot
 57454 | Shoals:1 | Entered Level 1 of the Shoals
 57457 | Shoals:1 | Reached XP level 17. HP: 76/76 MP: 13/32
 57457 | Shoals:1 | Reached skill level 1 in Translocations
 58638 | Shoals:1 | Identified Sif Muna's Handbook of Twisted Transmigration
                  | (Sif Muna gifted it to you on level 1 of the Shoals)
 58638 | Shoals:1 | Received a gift from Sif Muna
 60162 | Shoals:2 | Found a runed translucent door.
 60744 | Shoals:2 | Identified the ring "Maagedgh" {rN++ Int+2 Stlth+}
 61403 | Shoals:3 | Found Cexapruba's Antique Armour Boutique.
 62429 | Shoals:3 | Noticed Polyphemus
 62443 | Shoals:3 | Hit by a large rock thrown by Polyphemus
 62444 | Shoals:3 | Reached XP level 16. HP: -4/73 MP: 17/31
 62620 | Shoals:3 | Identified Xyghad's Collected Works on the Fiery Entourage
                  | (Sif Muna gifted it to you on level 3 of the Shoals)
 62620 | Shoals:3 | Received a gift from Sif Muna
 62831 | Shoals:3 | Killed Polyphemus
 63020 | Shoals:3 | Found Keifagg's Weapon Shoppe.
 63287 | Shoals:4 | Entered Level 4 of the Shoals
 64512 | Shoals:4 | HP: 2/73 [merfolk impaler/+3 demon trident of freezing
                  | (18)]
 64512 | Shoals:4 | Slain by a merfolk impaler
 64513 | Shoals:4 | Reached XP level 15. HP: -1/69 MP: 26/30
 64520 | Shoals:4 | Reached XP level 16. HP: 73/73 MP: 31/31
 65369 | Shoals:4 | Identified Sif Muna's Incunabulum of Mutagenic Heat (Sif
                  | Muna gifted it to you on level 4 of the Shoals)
 65369 | Shoals:4 | Received a gift from Sif Muna
 65377 | Shoals:4 | Hit by a silver javelin thrown by a merfolk javelineer

Illustrated notes

Levels and vault maps discovered:
D:1:      dpeg_arrival_water_fire, layout_loops_corners, roderic_st_hans_cross,
          minmay_misc_feat_more_columns, grunt_decor_mini_mirrors,
          minmay_misc_feat_x, minmay_octomino_e4
D:2:      wad_woods_stonehenge, layout_loops_corners, led_sif_pool,
          fedhas_altar_2, uniq_robin, uniq_sigmund
D:3:      lemuel_castle_with_subvaults [lemuel_castle_interior_carwin_2],
          layout_loops_ring, uniq_ijyb
D:4:      layout_basic, nicolae_overflow_hidden_temple, kennysheep_orc_chapel
D:5:      layout_layer_cave, slow_altar_2
D:6:      layout_basic, nicolae_overflow_crystal_walls
D:7:      layout_basic, lemuel_coloured_pillars_altar,
          minmay_temple_entry_statues_fountains,
          minmay_guarded_unrand_staff_of_olgreb, uniq_harold
D:8:      layout_loops_ring, lemuel_doored_altar, serial_rivers,
          chequers_serial_rivers_small_a, chequers_serial_rivers_micro_c,
          chequers_serial_rivers_marsh, chequers_serial_rivers_room_b,
          chequers_serial_rivers_large_b, chequers_serial_rivers_micro_d,
          zaba_antful_of_joy
D:9:      layout_basic, lightli_temple_of_fire, eat_drink_and_be_merry_uskayaw,
          uniq_maurice, uniq_grum
D:10:     layout_basic, lair_entry_dummy, dk_noncrumbling_4, uniq_maggie,
          uniq_nergalle, uniq_sonja
D:11:     layout_irregular_city, hiddenorc2_lemuel, serial_shops,
          nicolae_shop_trees, minmay_librarian
D:12:     layout_cave_pools, gammafunk_ghost_hive, skrybe_limestone_x
D:13:     layout_rooms, minmay_holes
D:14:     layout_loops_ring, grunt_vaults_entry_tiered,
          infiniplex_staircase_zigzag_4, serial_shops, freezing_bzr,
          billiards_dpeg
D:15:     grunt_enter_depths_snipers, layout_irregular_city, serial_glass,
          glass_columns_a, glass_columns_b, minmay_misc_feat_room
Lair:1:   beast_lair_carwin_large_4, layout_layer_cave
Lair:2:   layout_chaotic_city
Lair:3:   layout_loops_ring, beast_lair_carwin_4, infiniplex_staircase_pool,
          serial_bayou_shore_b
Lair:4:   layout_regular_city, minmay_shoals_entry_lonely_mermaid,
          spider_nest_entry_web_field, lemuel_fruit_tree
Lair:5:   regret_index_combs_of_tragedy, layout_long_grid,
          infiniplex_staircase_pool_2, minmay_lair_oklob_chamber
Lair:6:   hangedman_lair_tendril_chambers, layout_gridlike, wormcave,
          nicolae_slime_entry_slimehenge, st_stairs_4, uniq_rupert
Shoals:1: layout_shoals, hangedman_shoals_cup_caves
Shoals:2: layout_shoals, lightli_airlock
Shoals:3: layout_shoals, serial_shops, nicolae_shop_crystal,
          nicolae_shop_competitors_out_of_business, uniq_polyphemus
Shoals:4: shoals_end_grunt_ice, layout_shoals
Spider:1: layout_spider_delve, einodemon_crawler_minivault
Spider:2: layout_spider_delve, guppyfry_spider_mini_3, uniq_arachne
Spider:3: layout_spider_delve
Spider:4: floodkiller_spider_rune_tomb
Orc:1:    giant_chief_lemuel, layout_caves
Orc:2:    pf_orc_diabolical, layout_diamond_mine, basic_altar,
          portal_ice_cave_entry_pillars_2, uniq_urug, uniq_azrael

Skill      XL: |  1  2  3  4  5  6  7  8  9 10 11 12 13 14 15 16 17 |
---------------+----------------------------------------------------+-----
Dodging        | 3 4 5 6 7 9 10 12 | 12.6
Unarmed Combat | 1 2 3 4 5 7 9 10 | 10.0
Ice Magic      | 4 5 6 7 8 10 12 14 15 | 15.0
Spellcasting   | 3 4 6 8 9 10 | 10.0
Stealth        | 4 5 |  5.0
Summonings     | 4 5 |  5.0
Invocations    | 2 4 7 8 9 11 14 13 | 14.3
Fighting       | 3 6 8 10 | 10.0
Air Magic      | 4 8 10 13 12 | 13.3
Evocations     | 1 7 8 9 10 | 10.0
Conjurations   | 2 9 8 |  9.5
Translocations | 4 |  4.0

Action                   |  1- 3 |  4- 6 |  7- 9 | 10-12 | 13-15 | 16-18 || total
-------------------------+-------+-------+-------+-------+-------+-------++-------
Melee: Unarmed           |    55 |   124 |   252 |   292 |   839 |   190 ||  1752
       Bite              |     4 |     7 |    29 |    27 |    92 |    26 ||   185
       Punch             |       |       |     6 |     7 |    32 |    12 ||    57
 Cast: Freeze            |    36 |    19 |    61 |   100 |    29 |       ||   245
       Frozen Ramparts   |     2 |    12 |    45 |   118 |    88 |    14 ||   279
       Summon Ice Beast  |       |       |     3 |   113 |   107 |    56 ||   279
       Ozocubu's Armour  |       |       |     3 |     3 |     1 |       ||     7
       Ozocubu's Refrige |       |       |       |    13 |   177 |   120 ||   310
       Summon Lightning  |       |       |       |     2 |    13 |    17 ||    32
       Hailstorm         |       |       |       |     1 |     3 |       ||     4
       Airstrike         |       |       |       |       |    86 |   341 ||   427
       Absolute Zero     |       |       |       |       |     1 |       ||     1
       Blink             |       |       |       |       |       |    13 ||    13
       Lightning Bolt    |       |       |       |       |       |    10 ||    10
Invok: Channel Magic     |       |       |       |       |     1 |     8 ||     9
       Divine Exegesis   |       |       |       |       |     1 |       ||     1
Evoke: Wand              |       |     2 |     1 |       |    15 |    40 ||    58
       Condenser vane    |       |       |       |       |     3 |     2 ||     5
       Box of beasts     |       |       |       |       |       |     8 ||     8
       Phial of floods   |       |       |       |       |       |     1 ||     1
  Use: Scroll            |     5 |       |    10 |     9 |    11 |     8 ||    43
       Potion            |       |       |     1 |     4 |    10 |     3 ||    18
 Stab: Sleeping          |    14 |     9 |    15 |    18 |    17 |     4 ||    77
       Distracted        |       |       |     2 |     1 |     6 |     4 ||    13
Armor: Skin              |     1 |     5 |     8 |    31 |   105 |    38 ||   188
Dodge: Dodged            |    44 |   108 |   263 |   585 |  1197 |   462 ||  2659
Block: Other             |     2 |    37 |     9 |       |       |       ||    48

Table legend: (Time is in decaauts)
 A = Elapsed time spent in this place.
 B = Non-inter-level travel time spent in this place.
 C = Inter-level travel time spent in this place.
 D = Time resting spent in this place.
 E = Time spent auto-exploring this place.
 F = Levels seen in this place.
 G = Mean time per level.
                   A        B        C        D        E       F      G
               +--------+--------+--------+--------+--------+-----+--------+
         Total |  60574 |  59138 |   1436 |   7846 |  43056 |  32 | 1892.9 |
       Dungeon |  21758 |  21210 |    548 |   1173 |  16820 |  15 | 1450.5 |
          Lair |  13696 |  13292 |    404 |    992 |  10431 |   6 | 2282.7 |
        Shoals |   7612 |   7540 |     72 |    947 |   5845 |   4 | 1903.0 |
   Spider Nest |  10794 |  10495 |    299 |   2818 |   6421 |   4 | 2698.5 |
  Orcish Mines |   4476 |   4366 |    110 |   1142 |   2363 |   2 | 2238.0 |
      Ice Cave |   2236 |   2236 |      0 |    771 |   1173 |   1 | 2236.0 |
               +--------+--------+--------+--------+--------+-----+--------+

Top non-repeatable levels by time:
Spider:4: 4218 daAuts
  Lair:6: 3642 daAuts
  Lair:5: 3206 daAuts
Spider:2: 2508 daAuts
   Orc:2: 2493 daAuts
  Lair:1: 2455 daAuts
Spider:1: 2275 daAuts
   IceCv: 2236 daAuts
Shoals:3: 2155 daAuts
  Lair:4: 2125 daAuts
    D:15: 2041 daAuts
Shoals:4: 1987 daAuts
Shoals:1: 1985 daAuts
   Orc:1: 1983 daAuts
    D:14: 1950 daAuts
